AoeStats
← Lagartixa acessa

Arabia

504652426Analyzed
3v3 RM · 27d ago on Sep 6, 2026· 62m 11s· 6 players
Game mode
Random Map
Map size
Normal (6 player)
Population
200
Speed
Normal
Resources
Standard
Victory
Conquest
Starting age
Dark Age
Ending age
Imperial Age
RankedLock teamsTeams togetherTeam positionsShared explorationLock speedFull tech treeHidden civsTurbo modeCheats
Victory
Defeat
🇻🇪 Chinese · Venezuela
607
+10
🇲🇽 Magyars · Mexico
519
+13
🇨🇳 Aztecs · China
388
+18
🇧🇷 Teutons · Brazil
467
-14
🇧🇷 Tupi · Brazil
454
-14
🇧🇷 Britons · Brazil
442
-13
yoxan1312
11:11 Loom
12:57 Feudal Age
15:00 Double-Bit Axe
17:12 Wheelbarrow
21:27 Castle Age
23:50 Hand Cart
25:07 Horse Collar
25:54 Caravan
28:02 Bow Saw
27:50 Gold Mining
29:42 Scale Barding Armor
30:30 Corvinian Army
33:20 Chain Barding Armor
34:57 Heavy Plow
35:59 Scale Mail Armor
39:58 Imperial Age
37:30 Town Watch
40:11 Elite Magyar Huszar
41:14 Cavalier
41:54 Husbandry
44:47 Crop Rotation
44:59 Conscription
46:29 Paladin
48:35 Two-Man Saw
51:04 Chain Mail Armor
51:25 Plate Barding Armor
55:49 Recurve Bow
juliocesar_111_7
0:42 Loom
11:43 Feudal Age
13:02 Wheelbarrow
12:10 Horse Collar
12:18 Double-Bit Axe
12:34 Town Watch
17:04 Padded Archer Armor
16:55 Fletching
20:47 Gold Mining
22:35 Scale Mail Armor
22:45 Forging
25:07 Castle Age
23:37 Man-at-Arms
24:05 Arson
24:50 Stone Mining
27:02 Bow Saw
27:22 Caravan
29:12 Town Patrol
30:03 Stone Shaft Mining
30:22 Leather Archer Armor
30:00 Crossbowman
31:11 Heavy Plow
32:57 Gold Shaft Mining
32:57 Bodkin Arrow
34:12 Scale Barding Armor
34:30 Ballistics
34:42 Thumb Ring
34:53 Murder Holes
35:20 Elite Skirmisher
36:06 Squires
36:31 Masonry
38:00 Hand Cart
37:48 Guard Tower
41:57 Imperial Age
40:13 Chain Mail Armor
40:12 Fortified Wall
39:29 Pikeman
39:32 Long Swordsman
41:24 Iron Casting
42:08 Elite Chu Ko Nu
43:13 Conscription
42:58 Bracer
43:29 Ring Archer Armor
44:03 Chemistry
44:17 Two-Man Saw
45:01 Rocketry
46:44 Great Wall
47:26 Keep
47:22 Architecture
46:39 Arrowslits
47:15 Bombard Tower
46:20 Heavy Rocket Cart
50:13 Plate Mail Armor
50:45 Blast Furnace
50:05 Chain Barding Armor
49:39 Heated Shot
51:36 Arbalester
54:24 Plate Barding Armor
61:28 Sappers
全力释放
1:47 Loom
11:11 Feudal Age
12:42 Town Watch
16:09 Double-Bit Axe
17:03 Wheelbarrow
16:12 Horse Collar
22:43 Castle Age
22:26 Arson
24:18 Hand Cart
26:49 Elite Skirmisher
27:18 Gambesons
27:34 Squires
29:27 Bow Saw
29:20 Heavy Plow
31:18 Forging
31:10 Scale Mail Armor
32:45 Iron Casting
35:50 Eagle Warrior
38:13 Caravan
40:28 Chain Mail Armor
41:21 Town Patrol
43:19 Coinage
44:00 Treadmill Crane
44:41 Ballistics
44:17 Murder Holes
44:30 Guard Tower
45:12 Fletching
49:05 Imperial Age
50:33 Fervor
50:10 Elite Eagle Warrior
52:21 Conscription
52:51 Banking
52:58 Garland Wars
53:52 Blast Furnace
Lagartixa acessa
4:15 Loom
15:41 Feudal Age
17:01 Wheelbarrow
16:11 Town Watch
17:27 Horse Collar
17:45 Gold Mining
17:58 Double-Bit Axe
23:56 Castle Age
27:20 Heavy Plow
28:05 Hand Cart
27:50 Town Patrol
34:47 Caravan
40:13 Imperial Age
40:19 Imperial Age
43:19 Imperial Age
53:02 Elite Longbowman
55:06 Chemistry
57:06 Padded Archer Armor
56:56 Fletching
57:06 Scale Mail Armor
57:12 Scale Barding Armor
57:18 Forging
guenzo
3:35 Loom
11:05 Feudal Age
12:24 Wheelbarrow
11:34 Town Watch
12:10 Double-Bit Axe
13:15 Gold Mining
13:15 Horse Collar
14:22 Stone Mining
24:27 Castle Age
23:49 Arson
23:26 Man-at-Arms
26:02 Hand Cart
26:01 Bow Saw
25:55 Heavy Plow
26:41 Stone Shaft Mining
27:11 Squires
26:58 Gambesons
28:38 Town Patrol
29:46 Forging
29:36 Scale Mail Armor
32:38 Ironclad
32:48 Caravan
33:20 Coinage
34:15 Iron Casting
33:56 Chain Mail Armor
41:19 Imperial Age
41:58 Elite Teutonic Knight
42:08 Heavy Scorpion
43:32 Conscription
43:03 Capped Ram
46:49 Crenellations
47:15 Heated Shot
48:26 Chemistry
47:38 Fortified Wall
48:12 Arrowslits
48:39 Masonry
50:25 Hoardings
50:17 Sappers
52:23 Crop Rotation
53:11 Two-Man Saw
53:15 Blast Furnace
59:18 Plate Mail Armor
59:19 Bombard Tower
59:23 Ballistics
59:10 Siege Engineers
Dr_Peste
2:42 Loom
12:31 Feudal Age
14:14 Wheelbarrow
13:25 Town Watch
13:31 Double-Bit Axe
13:26 Horse Collar
14:24 Horse Collar
18:53 Stone Mining
18:53 Gold Mining
24:31 Champi Runner
24:56 Arson
29:36 Castle Age
31:10 Hand Cart
31:14 Heavy Plow
32:03 Bow Saw
32:29 Gold Shaft Mining
33:16 Gold Shaft Mining
35:56 Treadmill Crane
36:37 Ballistics
35:46 Champi Warrior
37:55 Scale Mail Armor
38:05 Forging
37:46 Fletching
37:57 Padded Archer Armor
40:28 Town Patrol
42:36 Chain Mail Armor
42:57 Iron Casting
42:17 Bodkin Arrow
42:38 Leather Archer Armor
48:54 Imperial Age
49:03 Elite Blackwood Archer
50:04 Conscription
50:28 Elite Champi Warrior
52:40 Two-Man Saw
56:15 Plate Mail Armor
56:16 Ring Archer Armor
Connection lost

Rejoining the realm…

Still unreachable

The connection could not be restored.

Session expired

The server has moved on; the page needs a fresh start.